 Dungeon Crawl Stone Soup version 0.31.0-9-g3a7656b989 (webtiles) character file.

Game seed: 12613577169972591440

46 qw the Shooter (level 3, -1/20 HPs)
             Began as a Deep Elf Hunter on Feb 2, 2024.
             Slain by a ribbon worm (6 damage)
             ... on level 2 of the Dungeon.
             The game lasted 00:00:03 (1022 turns).

qw the Shooter (Deep Elf Hunter)                    Turns: 1022, Time: 00:00:03

Health: -1/20      AC: 10    Str: 10    XL:     3   Next: 44%
Magic:  5/5        EV:  9    Int: 13    God:
Gold:   144        SH:  0    Dex: 18    Spells: 2/2 levels left

rFire   . . .        a - +0 shortbow
rCold   . . .        (shield currently unavailable)
rNeg    . . .        j - +0 scale mail
rPois   .            (no helmet)
rElec   .            (no cloak)
rCorr   .            (no gloves)
SInv    .            (no boots)
Will    .....        (no amulet)
Stlth   +            f - +4 ring of protection
HPRegen 0.23/turn    (no ring)
MPRegen 0.09/turn

%: no passive effects
@: no status effects
A: no striking features
a: no special abilities


You were on level 2 of the Dungeon.
You visited 1 branch of the dungeon, and saw 2 of its levels.

You collected 144 gold pieces.


   Skills:
 - Level 1.5 Fighting
 + Level 7.0 Ranged Weapons
 - Level 2.4 Dodging
 - Level 1.2 Stealth


You had 2 spell levels left.
You didn't know any spells.
Your spell library was empty.

Inventory:

Hand Weapons
 a - a +0 shortbow (weapon)
Armour
 j - a +0 scale mail (worn)
Jewellery
 f - a +4 ring of protection (left hand)
Scrolls
 h - a scroll of teleportation
Potions
 d - a potion of enlightenment
 k - a potion of degeneration {unknown}
 l - a potion of lignification {unknown}

Dungeon Overview and Level Annotations

Branches:
Dungeon (2/15)

Altars:

Annotations:
D:2 Jessica


Message History

The stream of webbing hits you but does no damage.
You are caught in a web!
You struggle to detach yourself from the web.
Jessica the Apprentice Sorceress comes into view.
She is wielding a +0 dagger.
The web tears apart.
Jessica shouts!
The ribbon worm expels a string of sticky webbing.
The stream of webbing hits you but does no damage.
You are caught in a web!
The web tears apart.
You shoot an arrow. The arrow hits the rat!
You kill the rat!
The ribbon worm expels a string of sticky webbing.
The stream of webbing misses you.
Jessica casts a spell.
Jessica seems to speed up.
You shoot an arrow. The arrow hits the ribbon worm!
The ribbon worm is heavily wounded.
Jessica mumbles some strange words.
Jessica blinks!
The ribbon worm bites you but does no damage.
You shoot an arrow.
The arrow barely misses the ribbon worm.
Jessica hits you but does no damage.
Jessica shouts, "You are a ghastly nuisance!"
Jessica hits you with a +0 dagger. The ribbon worm bites you.
You shoot an arrow. The arrow hits the ribbon worm!
The ribbon worm is severely wounded.
Jessica hits you but does no damage. Jessica barely misses you.
The ribbon worm bites you but does no damage.
You shoot an arrow. The arrow hits the ribbon worm.
The ribbon worm is almost dead.
Jessica barely misses you. x2; The ribbon worm barely misses you.
You shoot an arrow.
The arrow barely misses the ribbon worm.
Jessica casts a spell.
Jessica blinks!
Jessica points at you and mumbles some strange words.
Pain shoots through your body! The ribbon worm bites you.
You die...

##### #...#
#######...#
#.....#..@####
#............#
#............#
#.........ยค..##.###
#
#..........@w......
.
#.#..#.....##.?...#
. #.#..##...## ...##
# #.#..###### .... #
#.#.%# ### # #...%#
#.### ###.## ##+##
#.... #.# ##...##
##### ###.###
##.....## #....


You could see a ribbon worm and Jessica (fast).

Vanquished Creatures
  An adder (D:2)
  A ribbon worm (D:2)
  An endoplasm (D:1)
  3 giant cockroaches (D:1)
  4 goblins (D:1)
  3 hobgoblins (D:1)
  6 jackals
  3 kobolds (D:1)
  3 ball pythons (D:1)
  3 bats
  2 rats
30 creatures vanquished.

Notes
Turn   | Place    | Note
-------+----------+-------------------------------------------
     0 | D:1      | qw the Deep Elf Hunter began the quest for the Orb.
     0 | D:1      | Reached XP level 1. HP: 12/12 MP: 3/3
     0 | D:1      | 0 ||| qw: Version: 0.3-a-155-g5e7d8dd
     0 | D:1      | 0 ||| qw: Game counter: 2689
     0 | D:1      | 0 ||| qw: Melee chars always use a shield: true
     0 | D:1      | 0 ||| qw: God list: Okawaru
     0 | D:1      | 0 ||| qw: Allow faded altars: false
     0 | D:1      | 0 ||| qw: Do Orc after clearing Dungeon:15 true
     0 | D:1      | 0 ||| qw: Do second Lair branch before Depths: true
     0 | D:1      | 0 ||| qw: Lair rune preference: random
     0 | D:1      | 0 ||| qw: Goals: Normal
     0 | D:1      | 0 ||| PLANNING D:1-11
   186 | D:1      | Reached XP level 2. HP: 16/16 MP: 4/4
   194 | D:1      | Reached skill level 6 in Ranged Weapons
   803 | D:1      | 803 ||| UPGRADING to +0 scale mail.
   813 | D:1      | 813 ||| DROPPING +0 leather armour.
   814 | D:1      | 814 ||| UPGRADING to +4 ring of protection.
   815 | D:1      | 815 ||| DROPPING ring of wizardry.
   816 | D:1      | 816 ||| READING 2 scrolls labelled USE OGIATHRO.
   816 | D:1      | 816 ||| IDENTIFYING smoky emerald potion
   817 | D:1      | 817 ||| READING scroll of identify.
   817 | D:1      | 817 ||| IDENTIFYING sapphire potion
   818 | D:1      | 818 ||| READING 2 scrolls labelled ROMIUPNASM.
   822 | D:1      | 822 ||| READING scroll labelled WUJIOZX CORE.
   823 | D:1      | 823 ||| DROPPING scroll of butterflies.
   824 | D:1      | 824 ||| DROPPING potion of magic.
   880 | D:2      | Reached XP level 3. HP: 19/20 MP: 5/5
  1009 | D:2      | Reached skill level 7 in Ranged Weapons
  1014 | D:2      | Noticed Jessica
  1022 | D:2      | HP: 5/20 [Jessica/nerve-wracking pain (9)]
  1022 | D:2      | Slain by a ribbon worm

Levels and vault maps discovered:
D:1:      kennysheep_arrival_seaside, layout_loops_ring, minmay_pentomino_x4
D:2:      layout_loops_corners, nrook_uturn, uniq_jessica

Skill      XL: |  1  2  3 |
---------------+----------+-----
Ranged Weapons | 6 7 |  7.0
Fighting       | |  1.5
Dodging        | |  2.4
Stealth        | |  1.2

Action                     || total
---------------------------++-------
   Fire: Shortbow          ||    99
    Use: Scroll            ||     4
 Armour: Leather armour    ||    18
         Scale mail        ||    30
  Dodge: Dodged            ||    25

Table legend:
 A = Non-vault XP
 B = Vault XP
 C = Vault XP percentage of total XP
 D = Non-vault monster count
 E = Vault monster count
 F = Vault count percentage of total count
                 A         B        C        D         E       F
            +---------+---------+-------+---------+---------+-------
      Total |      65 |       1 |   1.5 |      29 |       1 |   3.3
            +---------+---------+-------+---------+---------+-------
        D:1 |      36 |       1 |   2.7 |      21 |       1 |   4.5
        D:2 |      29 |       0 |   0.0 |       8 |       0 |   0.0
            +---------+---------+-------+---------+---------+-------
